[Event "Titled Tuesday Blitz February 22 Late 2022"]
[White "Lodici, Lorenzo"]
[Black "Martinez Alcantara, Jose Eduardo"]
[WhiteFideId "884189"]
[BlackFideId "3805662"]
[WhiteElo "2265"]
[BlackElo "2690"]
[Result "0-1"]
[Round "05"]
[TimeControl "180+1"]
[Date "2022.02.22"]
[WhiteClock "0:00:23"]
[BlackClock "0:00:57"]

1. c4 c5 2. Nc3 Nc6 3. e3 g6 4. g4 Bg7 5. Bg2 e6 6. h4 h6 7. Nf3 Nge7 8. d4 cxd4 9. exd4 d5 10. cxd5 exd5 11. g5 h5 12. Be3 O-O 13. Qd2 Bg4 14. Nh2 Bf5 15. Nf1 Nb4 16. Rd1 Bc2 17. Ra1 Bd3 18. Ng3 Qb6 19. Rc1 Bc4 20. Bf1 Nxa2 21. Nxa2 Bxa2 22. f4 Rac8 23. Rc3 Rxc3 24. bxc3 Bc4 25. f5 Nxf5 26. Nxf5 Qb1+ 27. Qd1 Qxf5 28. Bxc4 dxc4 0-1


[Site "https://www.chess.com"]

[Event "Titled Tuesday Blitz February 22 Late 2022"]
[White "Lopez Del Alamo, Antonio"]
[Black "Batsiashvili, Nino"]
[WhiteFideId "2227339"]
[BlackFideId "13602993"]
[WhiteElo "2082"]
[BlackElo "2230"]
[Result "0-1"]
[Round "05"]
[TimeControl "180+1"]
[Date "2022.02.23"]
[WhiteClock "0:00:07"]
[BlackClock "0:01:03"]

1. e4 e5 2. Bc4 Nc6 3. d3 Nf6 4. Nc3 Na5 5. Nge2 Nxc4 6. dxc4 Bc5 7. O-O d6 8. Qd3 c6 9. Be3 Qe7 10. Bxc5 dxc5 11. Rad1 O-O 12. b3 Bg4 13. f3 Rad8 14. Qe3 Be6 15. Rd3 Rxd3 16. Qxd3 Rd8 17. Qe3 a6 18. a4 a5 19. Rd1 b6 20. Rd3 Rxd3 21. Qxd3 Nd7 22. Nd1 f6 23. Ne3 g6 24. g3 Nf8 25. f4 exf4 26. gxf4 Bf7 27. Kf2 h5 28. h4 f5 29. exf5 Qxh4+ 30. Kf3 Qh1+ 31. Kf2 h4 32. Qd6 h3 33. fxg6 Bxg6 34. f5 Bf7 35. Qg3+ Kh8 36. Nf4 h2 37. Qh3+ Kg7 38. Nh5+ Bxh5 39. Qxh5 Qg1+ 40. Ke2 h1=Q 41. f6+ Kg8 42. f7+ Kg7 43. Nf5+ Kf6 0-1


[Site "https://www.chess.com"]

[Event "Titled Tuesday Blitz February 22 Late 2022"]
[White "Medeiros Jr, Francisco De Assis"]
[Black "Muradli, Mahammad"]
[WhiteFideId "2114267"]
[BlackFideId "13409301"]
[WhiteElo "1998"]
[BlackElo "2645"]
[Result "0-1"]
[Round "05"]
[TimeControl "180+1"]
[Date "2022.02.23"]
[WhiteClock "0:00:02"]
[BlackClock "0:01:45"]

1. d4 d6 2. Nf3 g6 3. c3 Bg7 4. h3 b6 5. Bf4 Bb7 6. Nbd2 Nd7 7. e4 e5 8. dxe5 dxe5 9. Bg3 Ngf6 10. Nxe5 Nh5 11. Nxd7 Nxg3 12. fxg3 Qxd7 13. Bc4 O-O-O 14. Qe2 Rhe8 15. Rd1 f5 16. O-O Qd6 17. Kh2 fxe4 18. Qg4+ Kb8 19. Nxe4 Qc6 20. Rxd8+ Rxd8 21. Qg5 Rd7 22. Rf7 Qxe4 23. Rxd7 Qxg2# 0-1


[Site "https://www.chess.com"]

[Event "Titled Tuesday Blitz February 22 Late 2022"]
[White "Mekhitarian, Krikor Sevag"]
[Black "Naroditsky, Daniel"]
[WhiteFideId "2107660"]
[BlackFideId "2026961"]
[WhiteElo "2598"]
[BlackElo "2608"]
[Result "0-1"]
[Round "05"]
[TimeControl "180+1"]
[Date "2022.02.22"]
[WhiteClock "0:00:02"]
[BlackClock "0:00:04"]

1. e4 e5 2. Nf3 Nc6 3. Bc4 Nf6 4. d3 h6 5. O-O g5 6. c3 Bg7 7. Re1 O-O 8. Nbd2 d5 9. Bb3 Re8 10. exd5 Nxd5 11. Nc4 Bf5 12. Bc2 Qd7 13. Nfd2 Bg6 14. Ne4 b6 15. Ng3 Rad8 16. a4 a5 17. Qf3 Nf4 18. Bxf4 gxf4 19. Ne4 Ne7 20. Rad1 Nf5 21. g3 Kh8 22. Kh1 Qc6 23. Kg1 Nd6 24. Ncd2 f5 25. Ng5 e4 26. Qxf4 hxg5 27. Qxg5 Bh7 28. dxe4 fxe4 29. Nxe4 Nf7 30. Qh4 Rxd1 31. Rxd1 Qh6 32. Qxh6 Bxh6 33. Re1 Ng5 34. Kg2 Bxe4+ 35. Bxe4 Rxe4 36. Rd1 Re2 37. Rd7 Rxb2 38. Rxc7 Ne4 39. Kf3 Nxf2 40. h4 Nd3 41. Ke4 Nc5+ 42. Kf5 Kg8 43. Kg6 Bf8 44. g4 Rd2 45. g5 Rd6+ 46. Kf5 Rd5+ 47. Kg6 Rd6+ 48. Kf5 Ne6 49. Rc8 Ng7+ 50. Ke4 Re6+ 51. Kd5 Kf7 52. Rc7+ Re7 53. Rc6 Rd7+ 54. Ke4 Bc5 55. g6+ Ke7 56. Ke5 Rd6 57. Rc7+ Rd7 58. Rc6 Bf2 59. Rf6 Bg3+ 60. Ke4 Kxf6 0-1


[Site "https://www.chess.com"]

[Event "Titled Tuesday Blitz February 22 Late 2022"]
[White "Melian, Juan Sebastian"]
[Black "Escudero Donoso, Felipe"]
[WhiteFideId "3706575"]
[BlackFideId "3410595"]
[WhiteElo "1842"]
[BlackElo "2184"]
[Result "0-1"]
[Round "05"]
[TimeControl "180+1"]
[Date "2022.02.23"]
[WhiteClock "0:00:11"]
[BlackClock "0:00:04"]

1. e4 c5 2. b3 d6 3. Bb2 Nf6 4. Bb5+ Bd7 5. Bxd7+ Nbxd7 6. d3 g6 7. Nd2 Bg7 8. f4 O-O 9. Ngf3 e6 10. O-O b5 11. a4 a6 12. Qe2 Qc7 13. f5 exf5 14. exf5 Rfe8 15. Qf2 Ng4 16. Qh4 Bxb2 17. Rab1 Ne3 18. Ng5 Nf8 19. fxg6 f6 20. Nge4 Nxf1 21. Rxb2 Nxg6 22. Nxf6+ Kh8 23. Nxe8 Rxe8 24. Qf6+ Qg7 25. Qxg7+ Kxg7 26. Kxf1 Nf4 27. axb5 axb5 28. g3 Nd5 29. Nf3 Rf8 30. Ke2 Nc3+ 31. Kd2 b4 32. Nh4 Rf2+ 33. Ke3 Rxh2 34. d4 Nd1+ 35. Ke4 Nxb2 36. dxc5 dxc5 37. Kd5 Rxc2 38. Nf5+ Kf6 39. Ne3 Rc3 40. Ng4+ Kg5 41. Nf2 Rxb3 42. Ne4+ Kg4 43. Nf6+ Kxg3 44. Nxh7 c4 45. Nf6 c3 46. Ne4+ Kf3 47. Nc5 Ra3 48. Ne4 c2 49. Ng5+ Kg4 50. Ne4 c1=Q 51. Nf2+ Kf3 52. Ne4 Qd1+ 53. Ke5 Qe2 54. Kd5 Qxe4+ 55. Kc5 Rc3+ 56. Kb5 Qc6+ 57. Ka5 0-1


[Site "https://www.chess.com"]

[Event "Titled Tuesday Blitz February 22 Late 2022"]
[White "Mikheev, Stanislav"]
[Black "Tregubov, Pavel V."]
[WhiteFideId "4135920"]
[BlackFideId "4115341"]
[WhiteElo "2249"]
[BlackElo "2341"]
[Result "1-0"]
[Round "05"]
[TimeControl "180+1"]
[Date "2022.02.23"]
[WhiteClock "0:00:16"]
[BlackClock "0:00:11"]

1. d4 Nf6 2. c4 e6 3. Nf3 Bb4+ 4. Nbd2 O-O 5. a3 Be7 6. e4 d6 7. Bd3 e5 8. d5 a5 9. b3 Nh5 10. O-O Nf4 11. Bc2 Nd7 12. Bb2 Nf6 13. b4 N6h5 14. Nb3 b6 15. bxa5 bxa5 16. c5 a4 17. Nbd2 Ba6 18. Re1 Nd3 19. Bxd3 Bxd3 20. Nxe5 dxe5 21. Qxh5 f6 22. Rac1 Qb8 23. Bc3 Qb5 24. Bb4 f5 25. d6 Bd8 26. exf5 Rxf5 27. Qg4 cxd6 28. cxd6 Bb6 29. Ne4 Raf8 30. d7 Rf4 31. Qe6+ Kh8 32. Bxf8 Rxf8 33. Rc8 Bd8 34. Nd6 Qb3 35. Nf7+ Kg8 36. Nxd8+ 1-0


[Site "https://www.chess.com"]

[Event "Titled Tuesday Blitz February 22 Late 2022"]
[White "Mogranzini, Roberto"]
[Black "Adury, Anant"]
[WhiteFideId "810894"]
[BlackFideId "30964687"]
[WhiteElo "2469"]
[BlackElo "2305"]
[Result "1-0"]
[Round "05"]
[TimeControl "180+1"]
[Date "2022.02.23"]
[WhiteClock "0:00:57"]
[BlackClock "0:01:43"]

1. e4 e5 2. Nf3 Nc6 3. Bb5 a6 4. Ba4 d6 5. O-O g6 6. Nc3 Bg7 7. a3 b5 8. Bb3 Nge7 9. h3 Kf8 10. d3 h6 11. Nd5 Be6 12. c3 Na5 13. Ba2 c6 14. Nxe7 Qxe7 15. b4 Nb7 16. a4 Kg8 17. Bxe6 Qxe6 18. axb5 cxb5 19. Ra3 Kh7 20. Be3 d5 21. Qb3 Rhd8 22. Rfa1 Qc6 23. exd5 Rxd5 24. Rxa6 Rxa6 25. Rxa6 Qxa6 26. Qxd5 e4 27. dxe4 Nd6 28. Bd4 Bxd4 29. Nxd4 Kg7 30. Nc6 Qa1+ 31. Kh2 Ne8 32. Qe5+ Kh7 33. Qxe8 Qxc3 34. Qxf7+ Kh8 35. Qf8+ Kh7 36. Qe7+ Kh8 37. Ne5 Qc1 38. Nxg6+ Kg8 39. Qf8+ Kh7 40. Qf7# 1-0


[Site "https://www.chess.com"]

[Event "Titled Tuesday Blitz February 22 Late 2022"]
[White "Moroni, Luca Jr"]
[Black "Papasimakopoulos, Alexandros"]
[WhiteFideId "865834"]
[BlackFideId "4244125"]
[WhiteElo "2573"]
[BlackElo "2340"]
[Result "1-0"]
[Round "05"]
[TimeControl "180+1"]
[Date "2022.02.22"]
[WhiteClock "0:00:35"]
[BlackClock "0:00:12"]

1. d4 e6 2. c4 Nf6 3. Nc3 Bb4 4. Nf3 c5 5. g3 cxd4 6. Nxd4 d5 7. Bg2 O-O 8. O-O Nc6 9. cxd5 Nxd5 10. Nxd5 exd5 11. Be3 Be7 12. Rc1 Ne5 13. Bf4 Ng6 14. Bc7 Qd7 15. Qb3 Bf6 16. Rfd1 Qg4 17. Bf3 Qg5 18. Qxd5 Ne5 19. Bg2 Ng4 20. Qxg5 Bxg5 21. Bf4 Bxf4 22. gxf4 a6 23. Rc7 Rb8 24. e3 Nf6 25. Rdc1 g6 26. R1c3 Kg7 27. b4 b5 28. a3 Rd8 29. Bf3 Bh3 30. Bg2 Bc8 31. h4 Re8 32. Kh2 h5 33. Kg3 Kf8 34. Ra7 Ng8 35. Rcc7 Nh6 36. Bd5 Be6 37. Bxe6 fxe6 38. Rh7 e5 39. Rxh6 exd4 40. Rh8# 1-0


[Site "https://www.chess.com"]

[Event "Titled Tuesday Blitz February 22 Late 2022"]
[White "Murzin, Volodar"]
[Black "Shirazi, Kamran"]
[WhiteFideId "44155573"]
[BlackFideId "2000733"]
[WhiteElo "2585"]
[BlackElo "2317"]
[Result "1-0"]
[Round "05"]
[TimeControl "180+1"]
[Date "2022.02.23"]
[WhiteClock "0:00:24"]
[BlackClock "0:00:16"]

1. e4 d5 2. exd5 c6 3. dxc6 Nxc6 4. Nf3 e5 5. Nc3 Bd6 6. Bc4 h6 7. O-O Nf6 8. d3 O-O 9. Ne4 Bc7 10. h3 Re8 11. Re1 a6 12. Bd2 b5 13. Bb3 Na5 14. Nxf6+ Qxf6 15. Bd5 Rb8 16. d4 Bb7 17. dxe5 Bxe5 18. Bxa5 Bxb2 19. Rxe8+ Rxe8 20. Rb1 Bxd5 21. Qxd5 Bc3 22. Bxc3 Qxc3 23. Qb3 Qc5 24. Rd1 Qf5 25. c4 Re2 26. cxb5 axb5 27. Rd5 Qf4 28. Rd8+ Kh7 29. Qd3+ Qe4 30. Qxe4+ Rxe4 31. Rd2 g5 32. Rb2 b4 33. Kf1 Kg6 34. Nd2 Rd4 35. Ke2 Kf5 36. Ke3 Rh4 37. Kd3 Ke6 38. Nc4 Kd5 39. Rxb4 Rd4+ 40. Kc3 Kc5 41. Rb5+ Kxb5 42. Kxd4 Ka4 43. Nd6 f6 44. Ne4 f5 45. Nd6 f4 46. Nf7 Ka3 47. Nxh6 Kxa2 48. Ke4 f3 49. Kxf3 g4+ 50. Nxg4 Kb3 51. h4 Kc4 52. h5 Kd5 53. h6 Ke6 54. h7 Kf7 55. h8=Q Kg6 56. Qf6+ Kh5 57. Qh6# 1-0


[Site "https://www.chess.com"]

[Event "Titled Tuesday Blitz February 22 Late 2022"]
[White "Myers, Dominique"]
[Black "Baskin, Robert"]
[WhiteFideId "2041715"]
[BlackFideId "24662402"]
[WhiteElo "1986"]
[BlackElo "2488"]
[Result "0-1"]
[Round "05"]
[TimeControl "180+1"]
[Date "2022.02.23"]
[WhiteClock "0:01:10"]
[BlackClock "0:00:14"]

1. e4 c5 2. Nf3 d6 3. d4 cxd4 4. Nxd4 Nf6 5. Nc3 Nc6 6. f3 g6 7. Be3 Bg7 8. Qd2 O-O 9. O-O-O d5 10. exd5 Nxd5 11. Nxc6 bxc6 12. Bd4 e5 13. Bc5 Re8 14. Bc4 Qc7 15. Ne4 h6 16. h4 f5 17. Nd6 Be6 18. Nxe8 Rxe8 19. Bb3 a5 20. Kb1 Rb8 21. a4 Kh7 22. g4 fxg4 23. fxg4 e4 24. h5 g5 25. Rhe1 Bxg4 26. Rxe4 Bf5 27. Rde1 Rxb3 28. cxb3 Nf6 29. Ka2 Nxe4 30. Qc2 Nc3+ 31. Qxc3 Bxc3 32. bxc3 Qh2+ 33. Ka3 g4 34. Re7+ Kg8 35. Re8+ Kg7 36. Re7+ Kf6 37. Re8 Bb1 38. Rf8+ Kg5 39. Rf2 g3 40. Rb2 Be4 41. b4 axb4+ 42. cxb4 g2 43. a5 Qg3+ 44. Rb3 g1=Q 45. Bxg1 Qxg1 46. b5 Qa1+ 47. Kb4 Qd4+ 48. Ka3 Qa1+ 49. Kb4 Qd4+ 50. Ka3 cxb5 51. Rxb5+ Kf4 52. a6 Qc3+ 53. Ka4 Bc6 54. a7 Bxb5+ 55. Kxb5 Qc8 56. Kb6 Qa8 57. Ka6 Kg5 58. Kb6 Kxh5 59. Kc7 Kg4 60. Kd6 h5 61. Ke5 h4 62. Kd4 h3 63. Ke3 h2 64. Kf2 h1=Q 65. Ke2 Qaf3+ 66. Kd2 Qhg2+ 67. Ke1 Qff1# 0-1


[Site "https://www.chess.com"]

[Event "Titled Tuesday Blitz February 22 Late 2022"]
[White "Nakamura, Hikaru"]
[Black "Jones, Gawain C B"]
[WhiteFideId "2016192"]
[BlackFideId "409561"]
[WhiteElo "2850"]
[BlackElo "2657"]
[Result "1-0"]
[Round "05"]
[TimeControl "180+1"]
[Date "2022.02.22"]
[WhiteClock "0:00:46"]
[BlackClock "0:00:19"]

1. Nf3 Nf6 2. b3 g6 3. d4 Bg7 4. Bb2 O-O 5. e3 c5 6. dxc5 Qa5+ 7. c3 Qxc5 8. Ba3 Qa5 9. Bxe7 Re8 10. Bxf6 Bxf6 11. Qd2 d5 12. Be2 Nc6 13. O-O Bg4 14. b4 Qc7 15. Na3 Bxf3 16. Bxf3 Ne5 17. Be2 Red8 18. Nb5 Qe7 19. Rfd1 a6 20. Nd4 Rac8 21. Rac1 h5 22. h3 Kg7 23. Qc2 Nc6 24. Qb2 Ne5 25. Qb3 Qe8 26. Nf3 b6 27. Bxa6 Nxf3+ 28. gxf3 Rc7 29. Rxd5 Rxd5 30. Qxd5 Rxc3 31. Rxc3 Bxc3 32. Qb3 Bf6 33. Bc4 Qd7 34. Kg2 g5 35. a4 g4 36. hxg4 hxg4 37. Be2 gxf3+ 38. Bxf3 Qf5 39. Qc4 Be7 40. Qd4+ Kf8 41. Qh8# 1-0


[Site "https://www.chess.com"]

[Event "Titled Tuesday Blitz February 22 Late 2022"]
[White "Nasuta, Grzegorz"]
[Black "Kukhmazov, Arsen"]
[WhiteFideId "1141686"]
[BlackFideId "24108260"]
[WhiteElo "2396"]
[BlackElo "2487"]
[Result "1-0"]
[Round "05"]
[TimeControl "180+1"]
[Date "2022.02.22"]
[WhiteClock "0:00:04"]
[BlackClock "0:00:06"]

1. e4 c6 2. d4 d5 3. Nc3 dxe4 4. Nxe4 Bf5 5. Ng3 Bg6 6. h4 h6 7. Nf3 e6 8. Ne5 Bh7 9. Bd3 Bxd3 10. Qxd3 Nd7 11. Qe2 Ngf6 12. Bd2 Be7 13. O-O-O Nxe5 14. dxe5 Nd7 15. h5 Qc7 16. f4 O-O-O 17. Be3 Nb6 18. Ne4 Nd5 19. g3 Kb8 20. a3 f5 21. exf6 gxf6 22. Bc5 f5 23. Bxe7 Qxe7 24. Nf2 Qf6 25. Rhe1 Rhe8 26. c4 Nb6 27. Rxd8+ Qxd8 28. Qe5+ Qc7 29. b3 Qxe5 30. Rxe5 Nd7 31. Re3 Nf6 32. Kc2 Kc7 33. Kc3 Kd7 34. Nd3 Nxh5 35. Nc5+ Kc8 36. Kd4 Nf6 37. Rxe6 Rxe6 38. Nxe6 Nh5 39. Ke5 Nxg3 40. Kf6 Kd7 41. Ng7 Ne4+ 42. Kxf5 Nd2 43. Kg6 Nxb3 44. f5 Ke7 45. f6+ Kd6 46. f7 Ke7 47. Ne6 Kxe6 48. f8=Q Ke5 49. Qf6+ Ke4 50. Qe7+ Kd4 51. Qxb7 Kxc4 52. Qxc6+ Nc5 53. Kxh6 a5 54. Kg5 a4 55. Kf4 Kd4 56. Kf3 Nb3 57. Qxa4+ Kc3 58. Qb4+ Kd3 59. a4 Nd4+ 60. Kg4 Nc2 61. Qb5+ Kd4 62. a5 Ne3+ 63. Kh5 Nd5 64. a6 1-0


[Site "https://www.chess.com"]

[Event "Titled Tuesday Blitz February 22 Late 2022"]
[White "Nesterov, Arseniy"]
[Black "Carlsson, Ludvig"]
[WhiteFideId "24198455"]
[BlackFideId "1727010"]
[WhiteElo "2489"]
[BlackElo "2178"]
[Result "1-0"]
[Round "05"]
[TimeControl "180+1"]
[Date "2022.02.23"]
[WhiteClock "0:00:14"]
[BlackClock "0:00:12"]

1. d4 d5 2. c4 c6 3. Nc3 Nf6 4. e3 e6 5. Nf3 Nbd7 6. Bd3 Bd6 7. O-O O-O 8. e4 dxc4 9. Bxc4 e5 10. Be3 b5 11. Bb3 Bb7 12. dxe5 Nxe5 13. Nd4 Neg4 14. Bg5 Bxh2+ 15. Kh1 Be5 16. Nf5 Qxd1 17. Raxd1 Bxc3 18. bxc3 Nxe4 19. Bh4 Nxc3 20. Rd7 Bc8 21. Ne7+ Kh8 22. Nxc8 Raxc8 23. Be7 Ne5 24. Rxa7 Ra8 25. Bxf8 Rxa7 26. Bc5 Rd7 27. Re1 f6 28. f4 Na4 29. Bxa4 bxa4 30. fxe5 fxe5 31. Rxe5 h6 32. Re6 Rc7 33. Re4 Kg8 34. Rxa4 Kf7 35. Re4 g5 36. a4 Rb7 37. Rb4 Rxb4 38. Bxb4 Ke6 39. g4 Kd7 40. Bf8 c5 41. Bxc5 Kc6 42. Bf8 Kb6 43. Bxh6 Ka5 44. Bxg5 Kxa4 45. Kg2 Kb5 46. Kf3 Kc6 47. Kf4 Kd7 48. Kf5 Ke8 49. Bf6 Kf7 50. g5 Kg8 51. Kg6 Kf8 52. Kh7 1-0


[Site "https://www.chess.com"]

[Event "Titled Tuesday Blitz February 22 Late 2022"]
[White "Niemann, Hans Moke"]
[Black "Guliyev, Namig"]
[WhiteFideId "2093596"]
[BlackFideId "13400363"]
[WhiteElo "2636"]
[BlackElo "2487"]
[Result "1-0"]
[Round "05"]
[TimeControl "180+1"]
[Date "2022.02.22"]
[WhiteClock "0:01:34"]
[BlackClock "0:00:14"]

1. d4 d5 2. Nc3 Nf6 3. Bf4 c6 4. e3 Bf5 5. Bd3 Bxd3 6. cxd3 e6 7. Nf3 Bd6 8. Qb3 Bxf4 9. exf4 Qb6 10. Qc2 O-O 11. O-O Ne8 12. Ne2 Nd6 13. a4 a5 14. b3 Na6 15. Rab1 Nb4 16. Qd2 Rac8 17. Rfc1 Rc7 18. h4 Qa6 19. Rd1 b6 20. h5 c5 21. h6 g6 22. dxc5 bxc5 23. Ng3 f6 24. Rbc1 Kf7 25. Qe3 Rfc8 26. Rd2 Nf5 27. Nxf5 gxf5 28. Nh4 Rg8 29. Rxc5 Rxc5 30. Qxc5 Rc8 31. Qe3 Rc1+ 32. Kh2 Qc8 33. Re2 Rc2 34. Nxf5 exf5 35. Qe7+ Kg6 36. Qg7+ Kh5 37. Qxf6 Qg8 38. Qxf5+ Kxh6 39. Re6+ Qxe6 40. Qxe6+ 1-0


[Site "https://www.chess.com"]

[Event "Titled Tuesday Blitz February 22 Late 2022"]
[White "Novikov, Evgenij"]
[Black "Avila Pavas, Santiago"]
[WhiteFideId "4125380"]
[BlackFideId "4437128"]
[WhiteElo "2242"]
[BlackElo "2242"]
[Result "0-1"]
[Round "05"]
[TimeControl "180+1"]
[Date "2022.02.23"]
[WhiteClock "0:00:03"]
[BlackClock "0:00:41"]

1. d4 Nf6 2. Nf3 d5 3. c4 e6 4. Nc3 a6 5. Bg5 dxc4 6. e4 b5 7. e5 h6 8. Bh4 g5 9. Nxg5 hxg5 10. Bxg5 Be7 11. exf6 Bd6 12. Qf3 Ra7 13. d5 e5 14. Qe3 Ra8 15. f4 Nd7 16. O-O-O Nxf6 17. Ne4 Ng4 18. Qc3 f6 19. Nxf6+ Nxf6 20. fxe5 Ne4 21. Bxd8 Nxc3 22. exd6 Nxd1 23. dxc7 Nf2 24. Rg1 Bb7 25. d6 Rxh2 26. Be2 Rxd8 27. cxd8=Q+ Kxd8 28. Bf3 Bxf3 29. gxf3 Nd3+ 30. Kb1 Rxb2+ 31. Ka1 Rf2 32. Rg7 Rf1# 0-1


[Site "https://www.chess.com"]

[Event "Titled Tuesday Blitz February 22 Late 2022"]
[White "P., Komal Kishore"]
[Black "Toncheva, Nadya"]
[WhiteFideId "5016703"]
[BlackFideId "2924056"]
[WhiteElo "2035"]
[BlackElo "1920"]
[Result "1-0"]
[Round "05"]
[TimeControl "180+1"]
[Date "2022.02.23"]
[WhiteClock "0:00:56"]
[BlackClock "0:00:55"]

1. e4 c5 2. Nf3 d6 3. Bb5+ Nc6 4. O-O Bd7 5. c3 a6 6. Ba4 Nf6 7. Re1 g6 8. d4 cxd4 9. cxd4 Bg7 10. Nc3 b5 11. Bb3 Bg4 12. Be3 O-O 13. h3 Bxf3 14. Qxf3 Nd7 15. Rad1 e6 16. d5 Nde5 17. Qg3 exd5 18. Nxd5 Nc4 19. Bxc4 bxc4 20. b3 cxb3 21. axb3 Rb8 22. Bg5 f6 23. Bf4 Ne5 24. f3 Rxb3 25. Ra1 f5 26. Rxa6 fxe4 27. Rxe4 Rb1+ 28. Kh2 Qc8 29. Ne7+ 1-0


[Site "https://www.chess.com"]

[Event "Titled Tuesday Blitz February 22 Late 2022"]
[White "Pakleza, Zbigniew"]
[Black "Andreikin, Dmitry"]
[WhiteFideId "1119290"]
[BlackFideId "4158814"]
[WhiteElo "2467"]
[BlackElo "2736"]
[Result "1-0"]
[Round "05"]
[TimeControl "180+1"]
[Date "2022.02.22"]
[WhiteClock "0:00:16"]
[BlackClock "0:00:04"]

1. d4 Nf6 2. Nf3 e6 3. Bf4 b6 4. e3 Bb7 5. h3 Bd6 6. Bxd6 cxd6 7. Nbd2 d5 8. Be2 O-O 9. O-O Nc6 10. c4 Ne7 11. Qb3 Ng6 12. Rfc1 Qe7 13. a4 dxc4 14. Nxc4 Bd5 15. Qa3 Qxa3 16. Nxa3 Rfc8 17. Nb5 Bc6 18. Nd6 Rcb8 19. Ne5 Nxe5 20. dxe5 Nd5 21. Bf3 Nb4 22. Rc4 a5 23. Bxc6 dxc6 24. Rd1 h6 25. Rcd4 Nd5 26. g3 b5 27. e4 Ne7 28. Rc1 bxa4 29. Rxa4 Rxb2 30. Rc5 g5 31. Rcxa5 Rxa5 32. Rxa5 Rb8 33. Ra7 Kf8 34. Rc7 Ra8 35. Kg2 Ra5 36. f4 gxf4 37. gxf4 Ra4 38. Kf3 Ra3+ 39. Kg4 h5+ 40. Kh4 Ng6+ 41. Kg5 Rf3 42. Rxf7+ Kg8 43. Kxg6 Rg3+ 44. Kf6 Rxh3 45. Rg7+ 1-0


[Site "https://www.chess.com"]

[Event "Titled Tuesday Blitz February 22 Late 2022"]
[White "Papp, Levente"]
[Black "Kobalia, Mikhail"]
[WhiteFideId "751243"]
[BlackFideId "4119150"]
[WhiteElo "2308"]
[BlackElo "2667"]
[Result "0-1"]
[Round "05"]
[TimeControl "180+1"]
[Date "2022.02.22"]
[WhiteClock "0:00:09"]
[BlackClock "0:00:10"]

1. c4 Nf6 2. Nc3 g6 3. e4 d6 4. g3 Bg7 5. Bg2 O-O 6. Nge2 e5 7. O-O Nc6 8. d3 Nd7 9. Be3 Nc5 10. d4 exd4 11. Nxd4 Ne5 12. b3 Ng4 13. Bc1 Qf6 14. Nce2 Ne6 15. Bb2 Nxd4 16. Qxd4 Qxd4 17. Bxd4 Ne5 18. Rfd1 Bg4 19. Kf1 Nf3 20. Bxf3 Bxf3 21. Bxg7 Kxg7 22. Rd4 Rae8 23. Nc3 f5 24. Re1 fxe4 25. Re3 g5 26. h3 h5 27. Nd5 Rf7 28. Ke1 c6 29. Nc3 Re6 30. Kd2 Bg2 31. Ke1 Rfe7 32. b4 Kg6 33. b5 Bxh3 34. Rdxe4 Rxe4 35. Rxe4 Rxe4+ 36. Nxe4 cxb5 37. cxb5 d5 38. Nd6 b6 39. Kd2 d4 40. Kd3 Be6 41. a3 h4 42. Ne4 Bf5 43. gxh4 gxh4 44. Kxd4 Bxe4 45. Kxe4 Kg5 46. Kf3 Kf5 47. Kg2 Kg4 48. Kh2 Kf3 49. Kh3 Kxf2 50. Kxh4 Ke3 51. Kg5 Kd4 52. Kf6 Kc4 0-1


[Site "https://www.chess.com"]

[Event "Titled Tuesday Blitz February 22 Late 2022"]
[White "Paravyan, David"]
[Black "Kamsky, Gata"]
[WhiteFideId "4194985"]
[BlackFideId "2000024"]
[WhiteElo "2569"]
[BlackElo "2645"]
[Result "1/2-1/2"]
[Round "05"]
[TimeControl "180+1"]
[Date "2022.02.22"]
[WhiteClock "0:00:04"]
[BlackClock "0:00:08"]

1. e4 c5 2. Nf3 e6 3. d4 cxd4 4. Nxd4 a6 5. Nc3 b5 6. Bd3 Qb6 7. Nb3 Qc7 8. O-O Bb7 9. Re1 Nf6 10. e5 Nd5 11. Nxd5 Bxd5 12. Bf4 Nc6 13. Be4 Nb4 14. c3 Bxe4 15. Rxe4 Nd5 16. Bg3 Be7 17. Qh5 O-O 18. Rd1 Qb7 19. Red4 Rac8 20. Bh4 f6 21. h3 Rf7 22. exf6 Bxf6 23. Bxf6 Rxf6 24. Na5 Qc7 25. Rxd5 exd5 26. Qxd5+ Rf7 27. Nb7 Qb6 28. Nd6 Qxf2+ 29. Kh1 Rf8 30. b4 h6 31. Rd3 Kh7 32. Nxf7 Rxf7 33. Kh2 Qf4+ 34. Kh1 Qf1+ 35. Kh2 Qf4+ 36. Kh1 Qf1+ 37. Kh2 Qf4+ 1/2-1/2


[Site "https://www.chess.com"]

[Event "Titled Tuesday Blitz February 22 Late 2022"]
[White "Pesotskiy, Mikhail"]
[Black "Sailer, Mike"]
[WhiteFideId "34164453"]
[BlackFideId "2012901"]
[WhiteElo "2010"]
[BlackElo "2109"]
[Result "1-0"]
[Round "05"]
[TimeControl "180+1"]
[Date "2022.02.23"]
[WhiteClock "0:00:24"]
[BlackClock "0:00:33"]

1. d4 d5 2. c4 Bf5 3. Nc3 e6 4. Nf3 Nc6 5. a3 Nf6 6. e3 Be7 7. cxd5 exd5 8. Ne5 Ne4 9. Bb5 Nxc3 10. bxc3 Bd7 11. Nxd7 Qxd7 12. O-O O-O 13. Bd3 f5 14. c4 dxc4 15. Bxc4+ Kh8 16. Bd2 a6 17. Qf3 f4 18. Qd5 Qg4 19. Qe6 Qxe6 20. Bxe6 fxe3 21. fxe3 Rxf1+ 22. Kxf1 Rf8+ 23. Ke2 Bd6 24. h3 Bg3 25. Rf1 Re8 26. Kd3 h5 27. Bf7 Rf8 28. Rf3 h4 29. Bd5 Rxf3 30. gxf3 Nd8 31. a4 Kh7 32. e4 Kg6 33. f4 Kf6 34. e5+ Kf5 35. Be4+ Ke6 36. f5+ Kd7 37. e6+ Nxe6 38. fxe6+ Kxe6 39. Bxb7 Kf5 40. Bxa6 g5 41. Bc8+ Kf6 42. a5 c6 43. a6 Bb8 44. Bb4 g4 45. Bxg4 Kg5 1-0


[Site "https://www.chess.com"]

[Event "Titled Tuesday Blitz February 22 Late 2022"]
[White "Pichot, Alan"]
[Black "Ezat, Mohamed"]
[WhiteFideId "110973"]
[BlackFideId "10600906"]
[WhiteElo "2543"]
[BlackElo "2386"]
[Result "1-0"]
[Round "05"]
[TimeControl "180+1"]
[Date "2022.02.22"]
[WhiteClock "0:00:20"]
[BlackClock "0:00:53"]

1. e4 c6 2. d4 d5 3. Nc3 dxe4 4. Nxe4 Bf5 5. Ng3 Bg6 6. Nh3 Nf6 7. Nf4 e5 8. dxe5 Qxd1+ 9. Kxd1 Ng4 10. Nxg6 hxg6 11. Ne4 Nxe5 12. Bf4 Nbd7 13. c3 O-O-O 14. Kc2 Be7 15. Be2 f6 16. h4 Nc5 17. Nxc5 Bxc5 18. Bg3 Rhe8 19. Rad1 Rxd1 20. Rxd1 Nf7 21. Bd3 Ne5 22. Be2 Nf7 23. Rd2 Nh6 24. h5 gxh5 25. Bxh5 Rd8 26. Re2 Bd6 27. Re3 Bxg3 28. Rxg3 Rd7 29. Bg6 Re7 30. Kd2 Kc7 31. f4 a5 32. a4 b5 33. axb5 cxb5 34. Rd3 Rd7 35. Rxd7+ Kxd7 36. Kd3 Kc6 37. Kd4 Ng8 38. Be8+ Kb6 39. Kd5 Ne7+ 40. Ke6 Nc8 41. Bd7 Na7 42. Kf7 b4 43. cxb4 axb4 44. Kxg7 Kc5 45. Kxf6 Kd6 46. Be6 Nb5 47. g4 Nd4 48. f5 Nf3 49. g5 Ne5 50. g6 Ng4+ 51. Kg5 Ne5 52. g7 1-0


[Site "https://www.chess.com"]

[Event "Titled Tuesday Blitz February 22 Late 2022"]
[White "Prohorov, Olexandr"]
[Black "Calcada, Lucas Galvan"]
[WhiteFideId "14105578"]
[BlackFideId "22746099"]
[WhiteElo "1993"]
[BlackElo "1402"]
[Result "1-0"]
[Round "05"]
[TimeControl "180+1"]
[Date "2022.02.23"]
[WhiteClock "0:00:15"]
[BlackClock "0:00:03"]

1. e4 c5 2. c3 Nf6 3. e5 Nd5 4. Bc4 Nb6 5. Bb3 c4 6. Bc2 Nc6 7. Nf3 d5 8. exd6 Qxd6 9. Qe2 Bg4 10. h3 Bh5 11. d4 e6 12. Na3 Be7 13. Nxc4 Nxc4 14. Qxc4 Bxf3 15. gxf3 Rc8 16. Qe2 Bf6 17. Be3 Ne7 18. O-O-O a6 19. Kb1 b5 20. Qd2 Nd5 21. Bg5 a5 22. Bxf6 gxf6 23. Qd3 Qc6 24. Bb3 Nf4 25. Qe4 Ng6 26. Qxc6+ Rxc6 27. a4 b4 28. cxb4 axb4 29. Rc1 Rd6 30. Rc4 O-O 31. Rxb4 Rfd8 32. Rd1 Nf4 33. a5 Ne2 34. Bc4 Nxd4 35. a6 e5 36. Rb7 Ra8 37. a7 Rdd8 38. Rxf7 Kh8 39. Rb7 f5 40. Rg1 Nxf3 41. Rgg7 Nd2+ 42. Kc1 Nxc4 43. Rxh7+ Kg8 44. Rbg7+ Kf8 45. h4 e4 46. h5 f4 47. h6 1-0


[Site "https://www.chess.com"]